 Dungeon Crawl Stone Soup version 0.17-a0-1880-gacf7e67 (webtiles) character file.

221 shakdrar the Chopper (level 5, -3/42 HPs)
             Began as a Demigod Fighter on Sept 21, 2015.
             Slain by shakdrar's ghost (4 damage)
             ... on level 4 of the Dungeon.
             The game lasted 00:09:36 (2583 turns).

shakdrar the Chopper (Demigod Fighter)              Turns: 2583, Time: 00:09:36

Health: -3/42      AC:  6    Str: 21    XL:     5   Next: 38%
Magic:  7/7        EV:  7    Int: 12    God:
Gold:   146        SH:  9    Dex: 15    Spells: 0 memorised, 4 levels left

rFire  x . .     SeeInvis .     a - +1 war axe
rCold  + . .     Clarity  .     b - +0 scale mail
rNeg   . . .     SustAt   +     c - +0 shield
rPois  .         Gourm    .     (no helmet)
rElec  .         Spirit   .     (no cloak)
rCorr  .         Warding  .     (no gloves)
rMut   .         Stasis   .     (no boots)
MR     +....                    (no amulet)
Stlth  ..........               o - ring of ice
                                g - ring of protection from magic

@: somewhat resistant to hostile enchantments, extremely unstealthy
A: high mp 1, sustain attributes
a: no special abilities


You were on level 4 of the Dungeon.
You were not hungry.

You visited 1 branch of the dungeon, and saw 4 of its levels.

You collected 146 gold pieces.

Inventory:

Hand weapons
 a - a +1 war axe (weapon)
Missiles
 k - 3 javelins of penetration (quivered)
Armour
 b - a +0 scale mail (worn)
 c - a +0 shield (worn)
Jewellery
 g - a ring of protection from magic (left hand)
 j - an uncursed ring of invisibility
 o - a ring of ice (right hand)
Scrolls
 s - 3 scrolls of remove curse
Potions
 d - a potion of might
 f - a potion of agility
 i - a potion of invisibility {unknown}
 l - a potion of flight {unknown}
 m - a potion of curing {unknown}
 p - a potion of heal wounds {unknown}
Comestibles
 e - 2 bread rations
 n - 2 meat rations
 q - 2 slices of pizza
 r - 2 chunks of flesh


   Skills:
 - Level 2.6 Fighting
 + Level 5.4 Axes
 - Level 2.6 Armour
 - Level 2.6 Shields


You had 4 spell levels left.
You didn't know any spells.

Dungeon Overview and Level Annotations

Branches:
Dungeon (4/15)
 Temple: D:4-7

Annotations:
D:3 1 runed door, bear's ghost, average MiFi
D:4 shakdrar's ghost, average GrFi


Innate Abilities, Weirdness & Mutations

You have an increased reservoir of magic (+10% MP).
Your attributes are resistant to harm.


Message History

You block shakdrar's ghost's attack.
You hit shakdrar's ghost.
Shakdrar's ghost is moderately damaged.
Shakdrar's ghost barely misses you. Shakdrar's ghost hits you!
* * * LOW HITPOINT WARNING * * *
You hit shakdrar's ghost but do no damage.
Shakdrar's ghost is moderately damaged.
Shakdrar's ghost hits you.
* * * LOW HITPOINT WARNING * * *
Your shield and scale mail prevent you from hitting shakdrar's ghost.
Shakdrar's ghost is moderately damaged.
You block shakdrar's ghost's attack.
Your scale mail prevents you from hitting shakdrar's ghost.
Shakdrar's ghost is moderately damaged.
Shakdrar's ghost hits you!
* * * LOW HITPOINT WARNING * * *
You hit shakdrar's ghost but do no damage.
Shakdrar's ghost is moderately damaged.
Shakdrar's ghost hits you.
You die...

#..##....# ..#
#..#....## #.#
#........###.#
#..........##.# ..
#.#.........<.####....
#.#.......###.........
#......##....#####..
##.#...#..#...#...#
#....@W........#
#......####....##
....###.# ##.#....#
.##. #.# #.##.#.#> ..#
#.# .# ## ... #.. .. #
.... #.. .. .... #..#
.#


You could see shakdrar's ghost.

Vanquished Creatures
  A hound (D:4)
  2 worker ants (D:4)
  A giant frog skeleton (D:4)
  5 adders
  An ooze (D:2)
  A worm (D:2)
  2 giant geckos
  4 orcs (D:3)
  2 giant cockroaches (D:2)
  6 hobgoblins
  4 jackals (D:2)
  7 bats
  5 giant newts
  12 goblins
  2 kobolds
  8 rats
63 creatures vanquished.

Notes
Turn   | Place    | Note
--------------------------------------------------------------
     0 | D:1      | shakdrar the Demigod Fighter began the quest for the Orb.
     0 | D:1      | Reached XP level 1. HP: 18/18 MP: 3/3
   252 | D:1      | Reached XP level 2. HP: 25/25 MP: 4/4
   990 | D:1      | Reached skill level 3 in Axes
  1255 | D:2      | Reached XP level 3. HP: 22/30 MP: 5/5
  1787 | D:2      | Reached skill level 4 in Axes
  1791 | D:2      | Found a shadowy altar of Dithmenos.
  1832 | D:2      | Reached XP level 4. HP: 29/37 MP: 6/6
  2132 | D:3      | Found a glowing golden altar of the Shining One.
  2133 | D:3      | Found a runed door.
  2133 | D:3      | Noticed an angel
  2220 | D:3      | Noticed bear's ghost (average MiFi)
  2374 | D:4      | Found a shattered altar of Ashenzari.
  2511 | D:4      | Reached skill level 5 in Axes
  2511 | D:4      | Reached XP level 5. HP: 42/42 MP: 7/7
  2548 | D:4      | Noticed shakdrar's ghost (average GrFi)
  2582 | D:4      | HP: 1/42 [shakdrar's ghost (7)]
  2583 | D:4      | Slain by shakdrar's ghost

Vault maps used:
D:1:      scummos_arrival_checkerplants, kennysheep_another_room
D:2:      first_bread, nicolae_dithmenos_through_a_glass_darkly
D:3:      lemuel_coloured_pillars_altar, amethyst_overflow_temple_binary,
          lemuel_angel_altar
D:4:      nicolae_ashenzari_panopticon, nicolae_overflow_hidden_temple,
          tso_altar, uniq_blork_the_orc

Action                   |  1- 3 |  4- 6 || total
-------------------------+-------+-------++-------
Melee: War axe           |   146 |    62 ||   208
  Use: Scroll            |     5 |     3 ||     8
  Eat: Chunk             |     3 |     3 ||     6
